 Dungeon Crawl Stone Soup version 0.28-a0-991-g956f0ee3d5 (webtiles) character file.

Game seed: 11447085264670879854

32 voltaire321 the Insei (level 3, -2/27 HPs)
             Began as a Merfolk Transmuter on Dec 5, 2021.
             Killed by divine providence
             ... invoked by an orc priest
              (8 damage)
             ... on level 3 of the Dungeon.
             The game lasted 00:05:43 (2466 turns).

voltaire321 the Insei (Merfolk Transmuter)          Turns: 2466, Time: 00:05:43

Health: -2/27      AC:  3    Str: 10    XL:     3   Next: 25%
Magic:  5/6        EV: 13    Int: 12    God:
Gold:   75         SH:  0    Dex: 16    Spells: 0/6 levels left

rFire   . . .      SeeInvis .     - Unarmed
rCold   . . .      Faith    .   (no shield)
rNeg    . . .      Spirit   .   a - +1 robe
rPois   .          Reflect  .   (helmet currently unavailable)
rElec   .          Harm     .   (no cloak)
rCorr   .          Rampage  .   (no gloves)
Will    .....                   (boots currently unavailable)
Stlth   +.........              (no amulet)
HPRegen 0.09/turn               (no ring)
MPRegen 0.10/turn               (no ring)

@: appendages (expiring)
A: horns 2, (nimble swimmer 2), mertail
a: End Transformation


You were on level 3 of the Dungeon.
You had temporarily grown beastly horns.
You visited 1 branch of the dungeon, and saw 3 of its levels.

You collected 75 gold pieces.

Inventory:

Armour
 a - a +1 robe (worn)
Wands
 h - a wand of flame (19)
Scrolls
 c - a scroll of vulnerability
 e - 3 scrolls of teleportation
Potions
 i - a potion of brilliance {unknown}
 k - 2 potions of cancellation


   Skills:
 + Level 1.7 Fighting
 + Level 3.2 Dodging
 + Level 3.6 Unarmed Combat
 + Level 2.3 Spellcasting
 + Level 3.2 Transmutations


You couldn't memorise any spells.
You knew the following spells:

 Your Spells              Type           Power      Damage    Failure   Level
a - Beastly Appendage     Tmut           18%        N/A       7%          1
b - Wereblood             Tmut           9%         N/A       11%         2
c - Spider Form           Tmut/Pois      5%         N/A       38%         3

Your spell library contained the following spells:

 Spells                   Type           Power      Damage    Failure   Level
 Pain                     Necr           4%         1d4       26%         1
 Ensorcelled Hibernation  Hex/Ice        2%         N/A       38%         2
 Ice Form                 Ice/Tmut       5%         N/A       80%         4
 Agony                    Necr           1%         N/A       100%        5
 Excruciating Wounds      Necr           0%         N/A       100%        5


Dungeon Overview and Level Annotations

Branches:
Dungeon (3/15)

Altars:

Annotations:
D:2 Sigmund


Innate Abilities, Weirdness & Mutations

You have temporarily grown beastly horns.
((You are quick and stealthy near water. (Stealth+, EV+, Speed+++)))
Your lower body shifts to a powerful aquatic tail in water.


Message History

You now have 75 gold pieces (gained 9).
Found 19 stones.
Found a stone staircase leading down.
An orc priest comes into view. It is wielding a +0 dagger.
Found 6 boomerangs.
The orc priest shouts!
You hear a shout! x2
The orc priest calls down the wrath of Beogh upon you.
Beogh smites you!
An orc comes into view. It is wielding a +0 hand axe.
Found a tubular emerald ring.
An orc comes into view. It is wielding a +0 hand axe.
There is a stone staircase leading up here.
You climb upwards.
Level annotation: Sigmund
There is a stone staircase leading down here.
You start resting.
HP restored.
Casting: Beastly Appendage (safe; 7% risk of failure)
Confirm with . or Enter, or press ? or * to list all spells.
You grow a pair of large bovine horns.
You climb downwards.
The orc hits you with a +0 hand axe. The orc closely misses you.
There is a stone staircase leading up here.
You hit the orc priest but do no damage.
The orc hits you with a +0 hand axe.
The orc priest hits you with a +0 dagger.
You closely miss the orc priest.
Your transformation is almost over.
An orc comes into view. It is wielding a +0 flail.
The orc barely misses you.
The orc priest hits you with a +0 dagger.
The orc shouts!
You hit the orc priest but do no damage.
The orc hits you with a +0 hand axe.
The orc priest hits you with a +0 dagger.
* * * LOW HITPOINT WARNING * * *
You hit the orc priest but do no damage.
The orc misses you.
The orc priest mumbles some strange prayers to Beogh against you.
Beogh smites you!
You die...

#. ........... #.###
##.......... ####>...
............
....o..##.#..........
..........#..........
..(.....# #..........
##+#o#..# #..........
#o#..###..<.......
#@...#...††.......
#o#...............
#.##...#..........
#.................
...##.##...........
....##..............
...=######..........
##### #..........
#..........


You could see an orc priest and 3 orcs.

Vanquished Creatures
  2 dart slugs (D:1)
  An endoplasm (D:1)
  2 giant cockroaches (D:1)
  A goblin (D:1)
  3 hobgoblins
  2 quokkas
  5 ball pythons (D:1)
  3 bats
  A frilled lizard (D:1)
  4 kobolds (D:2)
  2 rats (D:1)
26 creatures vanquished.

Notes
Turn   | Place    | Note
-------+----------+-------------------------------------------
     0 | D:1      | voltaire321 the Merfolk Transmuter began the quest for the
                  | Orb.
     0 | D:1      | Reached XP level 1. HP: 15/15 MP: 3/3
   433 | D:1      | Reached XP level 2. HP: 20/21 MP: 3/5
   438 | D:1      | Learned a level 2 spell: Wereblood
  1442 | D:2      | Found a faded altar of an unknown god.
  1598 | D:2      | Reached XP level 3. HP: 19/26 MP: 4/6
  1771 | D:2      | Noticed Sigmund
  2257 | D:2      | Learned a level 3 spell: Spider Form
  2466 | D:3      | Killed from afar by an orc priest

Illustrated notes

Levels and vault maps discovered:
D:1:      tarquinn_simple_flora_water_b, layout_basic, minmay_tromino_v4_a
D:2:      minmay_kobold_bridge, layout_basic, basic_ecumenical_altar,
          nicolae_elevator_lobby_plus, uniq_sigmund
D:3:      layout_basic, mainiacjoe_overflow_paths,
          mainiacjoe_overflow_six_doors_small, chequers_serial_rivers_micro_c,
          uniq_natasha

Skill      XL: |  1  2 |
---------------+-------+-----
Dodging        | 3 |  3.2
Transmutations | 3 |  3.2
Fighting       | |  1.7
Unarmed Combat | |  3.6
Spellcasting   | |  2.3

Action                   || total
-------------------------++-------
Melee: Unarmed           ||    93
       Headbutt          ||     8
       Punch             ||     1
 Cast: Beastly Appendage ||    18
  Use: Scroll            ||     7
 Stab: Sleeping          ||     1
Armor: Robe              ||    24
Dodge: Dodged            ||   110

Table legend: (Time is in decaauts)
 A = Elapsed time spent in this place.
 B = Non-inter-level travel time spent in this place.
 C = Inter-level travel time spent in this place.
 D = Time resting spent in this place.
 E = Time spent auto-exploring this place.
 F = Levels seen in this place.
 G = Mean time per level.
                   A        B        C        D        E       F      G
               +--------+--------+--------+--------+--------+-----+--------+
         Total |   2454 |   2263 |    191 |   1001 |    811 |   3 |  818.0 |
       Dungeon |   2454 |   2263 |    191 |   1001 |    811 |   3 |  818.0 |
               +--------+--------+--------+--------+--------+-----+--------+

Top non-repeatable levels by time:
     D:1: 1540 daAuts
     D:2: 877 daAuts
     D:3: 36 daAuts
